 Dungeon Crawl Stone Soup version 0.25.0-26-g0c896c7088 (webtiles) character file.

Game seed: 12365645611474592574

151 Revguard the Charmwright (level 5, -4/39 HPs)
             Began as a Human Skald on July 5, 2020.
             Slain by a centaur
             ... wielding a +0 short sword
              (6 damage)
             ... on level 3 of the Dungeon.
             The game lasted 00:17:14 (2359 turns).

Revguard the Charmwright (Human Skald)              Turns: 2359, Time: 00:17:15

Health: -4/39      AC:  6    Str: 12    XL:     5   Next: 60%
Magic:  4/8        EV: 12    Int: 14    God:
Gold:   122        SH:  0    Dex: 12    Spells: 3/8 levels left

rFire    . . .     SeeInvis .   g - +0 scimitar
rCold    . . .     Gourm    .   (no shield)
rNeg     . . .     Faith    .   b - +1 leather armour
rPois    .         Spirit   .   (no helmet)
rElec    .         Reflect  .   (no cloak)
rCorr    .         Harm     .   k - +0 pair of gloves
MR       .....                  m - +0 pair of boots
Stlth    +.........             (no amulet)
HPRegen  0.13/turn              (no ring)
MPRegen  0.11/turn              (no ring)

@: infused (expiring)
A: no striking features
a: no special abilities


You were on level 3 of the Dungeon.
You were hungry.

You visited 1 branch of the dungeon, and saw 3 of its levels.

You collected 122 gold pieces.

Inventory:

Hand Weapons
 g - a +0 scimitar (weapon)
Armour
 b - a +1 leather armour (worn)
 k - a +0 pair of gloves (worn)
 m - a +0 pair of boots (worn)
Wands
 a - a wand of disintegration (10)
Scrolls
 e - a scroll of amnesia
 f - 2 scrolls of enchant armour
 i - 2 scrolls of immolation
Comestibles
 d - 5 rations


   Skills:
 + Level 2.6 Fighting
 + Level 3.4 Long Blades
 + Level 1.7 Armour
 + Level 2.1 Dodging
 + Level 0.2 Stealth
 + Level 2.4 Spellcasting
 + Level 3.5 Charms
 * Level 1.4 Translocations


You had 3 spell levels left.
You knew the following spells:

 Your Spells              Type           Power        Failure   Level  Hunger
a - Infusion              Chrm           ##..         7%          1    #......
b - Song of Slaying       Chrm           ##......     11%         2    ###....
c - Shroud of Golubria    Chrm/Tloc      #.....       16%         2    ###....

Your spell library contained the following spells:

 Spells                   Type           Power        Failure   Level  Hunger
 Ozocubu's Armour         Chrm/Ice       #.......     38%         3    ###....
 Spectral Weapon          Hex/Chrm       #.......     38%         3    ###....


Dungeon Overview and Level Annotations

Branches:
Dungeon (3/15)

Altars:
Qazlal
Yredelemnul


Message History

The centaur is moderately wounded.
Your magical infusion is running out.
The centaur barely misses you.
You riposte.
You barely miss the centaur.
The centaur is moderately wounded.
The centaur closely misses you.
You closely miss the centaur.
The centaur is moderately wounded.
The centaur hits you with a +0 short sword!
* * * LOW HITPOINT WARNING * * *
You aren't carrying any potions.
You hit the centaur.
The centaur is moderately wounded.
The centaur hits you with a +0 short sword.
* * * LOW HITPOINT WARNING * * *
The centaur hits you with a +0 short sword.
* * * LOW HITPOINT WARNING * * *
You hit the centaur.
The centaur is heavily wounded.
The centaur hits you with a +0 short sword.
You die...

#...##......# ........
.###.......).####.........
.....#....#......#.......##
.............<#.#.........#
....#......#รท).#.........#
#.....####.............. ..
###........###...>......
..##.((.(#######..(........ .
##..#....#(.@c###..........#.
.####..##....#.##..............#.
......##.....#.####............#.
#........#.....####..............
#................).(..).......#.#
#................##..#.......##.#
.................#...####.#####..
#..................#....).# ##.#
.....................#..######..#


You could see a centaur.

Vanquished Creatures
  An orc priest (D:3)
  An orc wizard (D:3)
  3 adders
  3 worms (D:2)
  2 dart slugs
  3 leopard geckos
  5 orcs (D:3)
  A ball python (D:1)
  2 giant cockroaches
  4 hobgoblins
  2 kobolds
  4 bats
  5 frilled lizards
  7 goblins
  8 rats
51 creatures vanquished.

Notes
Turn   | Place    | Note
-------+----------+-------------------------------------------
     0 | D:1      | Revguard the Human Skald began the quest for the Orb.
     0 | D:1      | Reached XP level 1. HP: 16/16 MP: 3/3
   122 | D:1      | Reached XP level 2. HP: 22/22 MP: 5/5
   240 | D:1      | Learned a level 2 spell: Song of Slaying
   243 | D:1      | Learned a level 2 spell: Shroud of Golubria
   805 | D:2      | Reached XP level 3. HP: 17/27 MP: 2/6
  1142 | D:2      | Found a stormy altar of Qazlal.
  1358 | D:2      | Reached XP level 4. HP: 22/34 MP: 7/7
  1484 | D:2      | Found a basalt altar of Yredelemnul.
  1782 | D:3      | Reached skill level 1 in Translocations
  1953 | D:3      | Reached XP level 5. HP: 36/39 MP: 5/8
  1971 | D:3      | Noticed a centaur
  2359 | D:3      | Slain by a centaur

Illustrated notes

Levels and vault maps discovered:
D:1:      grunt_arrival_crossed_arrows, layout_rooms, minmay_liquid_box
D:2:      layout_rooms, grunt_qazlal_clouds, nicolae_overflow_crystal_walls,
          first_ration, roderic_roman_lattice
D:3:      cheibrodos_old_hovel, layout_rooms, hangedman_decor_clover_reticule

Skill      XL: |  1  2  3  4 |
---------------+-------------+-----
Translocations | 1 |  1.4
Long Blades    | 3 |  3.4
Fighting       | |  2.6
Armour         | |  1.7
Dodging        | |  2.1
Stealth        | |  0.2
Spellcasting   | |  2.4
Charms         | |  3.5

Action                   |  1- 3 |  4- 6 || total
-------------------------+-------+-------++-------
Melee: Falchion          |    46 |       ||    46
       Scimitar          |    29 |    74 ||   103
 Cast: Shroud of Golubri |     3 |     1 ||     4
       Infusion          |     3 |     1 ||     4
       Song of Slaying   |     2 |     2 ||     4
  Use: Scroll            |     6 |     5 ||    11
       Potion            |     3 |     1 ||     4
 Stab: Sleeping          |     1 |       ||     1
  Eat: Chunk             |     2 |     3 ||     5
Armor: Leather armour    |    36 |    31 ||    67
Dodge: Dodged            |    69 |    70 ||   139
       Rpst.: Falchion   |    11 |       ||    11
       Scimitar          |    11 |    23 ||    34
